AoeStats
← L. Erikson

Oasis

509718464Analyzed
2v2 RM · 4d ago on Sep 27, 2026· 44m 48s· 4 players
Game mode
Random Map
Map size
Medium (4 player)
Population
200
Speed
Normal
Resources
Standard
Victory
Conquest
Starting age
Dark Age
Ending age
Imperial Age
RankedLock teamsTeams togetherTeam positionsShared explorationLock speedFull tech treeHidden civsTurbo modeCheats
Victory
Defeat
🇩🇪 Danes · Germany
931
+12
🇩🇪 Turks · Germany
838
+16
🇪🇸 Varangians · Spain
888
-16
🇪🇸 Saxons · Spain
786
-12
Yaguito
5:57 Loom
12:03 Feudal Age
14:39 Man-at-Arms
15:39 Scale Mail Armor
21:02 Castle Age
19:15 Double-Bit Axe
19:14 Horse Collar
19:53 Stone Mining
22:20 Forging
21:46 Long Swordsman
23:46 Husbandry
28:46 Gold Mining
38:53 Imperial Age
36:39 Elite Skirmisher
37:17 Clerical Recruitment
39:37 Cranequins
41:31 Bow Saw
46:12 Chemistry
45:33 Ballistics
45:03 Heated Shot
trancas
11:00 Feudal Age
12:07 Double-Bit Axe
13:47 Wheelbarrow
13:29 Horse Collar
23:30 Castle Age
22:13 Scale Mail Armor
22:24 Forging
22:22 Scale Barding Armor
22:14 Stone Mining
22:51 Gold Mining
24:01 Bloodlines
24:30 Bow Saw
25:35 Chain Barding Armor
25:57 Stone Shaft Mining
25:38 Loom
26:35 Heavy Plow
27:00 Hand Cart
32:37 Imperial Age
30:23 Husbandry
30:51 Fletching
33:02 Elite Jarl
33:11 Vendel Legacy
33:14 Gothikon
35:10 Crop Rotation
34:12 Cranequins
35:32 Conscription
37:14 Bodkin Arrow
39:21 Bracer
39:57 Plate Barding Armor
39:25 Padded Archer Armor
40:08 Squires
39:58 Arson
41:49 Chemistry
42:08 Two-Man Saw
43:37 Cavalier
L. Erikson
8:11 Loom
10:35 Feudal Age
12:45 Man-at-Arms
13:29 Scale Mail Armor
14:37 Arson
17:19 Forging
20:45 Wheelbarrow
24:21 Castle Age
26:09 Hand Cart
25:40 Pikeman
26:22 Squires
25:42 Long Swordsman
26:08 Gambesons
26:41 Double-Bit Axe
35:04 Fervor
35:11 Devotion
36:03 Chain Mail Armor
36:23 Iron Casting
36:33 Murder Holes
39:14 Imperial Age
37:12 Bow Saw
36:56 Gold Mining
40:00 Caravan
39:48 Hamask
41:03 Fletching
41:45 Plate Mail Armor
42:15 Blast Furnace
42:43 Elite Varangian Guard
42:44 Halberdier
Ronin501
6:26 Loom
11:17 Feudal Age
12:01 Double-Bit Axe
19:21 Castle Age
18:01 Forging
19:20 Fletching
19:45 Padded Archer Armor
19:53 Gold Mining
19:54 Stone Mining
30:22 Bodkin Arrow
30:43 Leather Archer Armor
30:57 Ballistics
30:34 Murder Holes
35:13 Imperial Age
33:21 Wheelbarrow
34:59 Scale Mail Armor
35:37 Fortified Wall
36:48 Iron Casting
36:28 Squires
36:13 Arson
37:43 Gold Shaft Mining
37:00 Town Watch
39:32 Sipahi
39:47 Hand Cart
41:02 Town Patrol
41:34 Bracer
Connection lost

Rejoining the realm…

Still unreachable

The connection could not be restored.

Session expired

The server has moved on; the page needs a fresh start.